 Dungeon Crawl Stone Soup version 0.19-a0-1065-gdac414d (webtiles) character file.

1546 Deemzul the Chopper (level 8, -10/64 HPs)
             Began as a Demonspawn Fighter on Aug 4, 2016.
             Mangled by an orc warrior
             ... wielding a +0 flail
              (13 damage)
             ... on level 7 of the Dungeon.
             The game lasted 00:09:41 (7009 turns).

Deemzul the Chopper (Demonspawn Fighter)            Turns: 7009, Time: 00:09:41

Health: -10/64     AC:  9    Str: 23    XL:     8   Next: 57%
Magic:  0/8        EV:  7    Int: 12    God:
Gold:   114        SH:  9    Dex: 13    Spells: 0 memorised, 7 levels left

rFire  . . .     SeeInvis +     a - +0 war axe
rCold  . . .     Gourm    .     b - +0 scale mail
rNeg   . . .     Faith    .     c - +0 shield
rPois  .         Spirit   +     t - +2 hat
rElec  .         Dismiss  .     (no cloak)
rCorr  .         Reflect  .     (gloves unavailable)
SustAt .         Harm     .     (no boots)
MR     .....     Clarity  +     (no amulet)
Stlth  ++........               j - +1 ring of slaying
                                i - ring of see invisible

@: mighty
A: claws 3, clarity, clever 1, nightstalker 2, magic shield
a: no special abilities


You were on level 7 of the Dungeon.
You were not hungry.

You visited 2 branches of the dungeon, and saw 8 of its levels.
You also visited: Ossuary.

You collected 234 gold pieces.
You spent 120 gold pieces at shops.

Inventory:

Hand Weapons
 a - a +0 war axe (weapon)
 m - a +0 blowgun
Missiles
 k - 50 poisoned needles
Armour
 b - a +0 scale mail (worn)
 c - a +0 shield (worn)
 t - a +2 hat (worn)
Jewellery
 i - a ring of see invisible (left claw)
 j - a +1 ring of slaying (right claw)
Wands
 p - a wand of disintegration (16/24)
Scrolls
 e - 7 scrolls of remove curse
 g - a scroll of magic mapping {unknown}
 h - 6 scrolls of identify
 r - 2 scrolls of teleportation
 v - 2 scrolls of fear {unknown}
 w - a scroll of amnesia {unknown}
Potions
 d - a potion of might
 l - a potion of flight
 q - 2 potions of invisibility {unknown}
 s - 4 potions of heal wounds {unknown}
 u - 3 potions of curing
 x - 3 potions of agility {unknown}
 z - a potion of resistance {unknown}
 A - a potion of cancellation {unknown}
Comestibles
 f - 6 bread rations
 n - 2 slices of pizza
 o - 3 fruits


   Skills:
 + Level 6.2 Fighting
 * Level 7.3 Axes
 + Level 5.4 Armour
 - Level 2.6 Shields


You had 7 spell levels left.
You didn't know any spells.

Dungeon Overview and Level Annotations

Branches:
Dungeon (7/15)             Temple (1/1) D:5

Altars:
Ashenzari
Cheibriados
Gozag
Kikubaaqudgha
Makhleb
Nemelex Xobeh
Okawaru
Pakellas
Ru
Sif Muna
Trog
Uskayaw
Vehumet
Yredelemnul
Zin
The Shining One

Shops:
D:6 ?

Annotations:
D:4 ontamu's ghost, amateur DEIE


Innate Abilities, Weirdness & Mutations

You have claws for hands.
You are significantly more attuned to the shadows.
When hurt, damage is shared between your health and your magic reserves.
You possess an exceptional clarity of mind.
Your mind is acute. (Int +2)


Message History

You slash the orc warrior!
The orc warrior is moderately wounded.
You hit the adder. The adder barely misses you. You block the adder's attack.
The orc warrior hits you with a flail!
* * * LOW HITPOINT WARNING * * *
Unknown command.
You closely miss the orc warrior.
The orc warrior is moderately wounded.
You closely miss the adder. The adder bites you but does no damage.
The orc warrior closely misses you.
Unknown command.
You slash the orc warrior!
The orc warrior is severely wounded.
You hit the adder. You block the adder's attack. The adder bites you.
* * * LOW HITPOINT WARNING * * *
The orc priest invokes the aid of Beogh against you.
Beogh smites you!
* * * LOW HITPOINT WARNING * * *
The orc warrior hits you with a flail!
You die...

######## ..
.....@.# ..>
.)...So####...
......o..=....
.......#......
.......#.#####
########.# #.#
###.# ###...#


You could see an orc warrior, an orc priest and an adder.

Vanquished Creatures
  A black bear (D:5)
  A sky beast (D:5)
  An ice beast (D:5)
  2 ogres
  A centaur (D:6)
  2 giant frogs (D:6)
  A scorpion (D:4)
  A giant frog zombie (D:6)
  3 hounds
  An orc priest (D:4)
  A jelly (D:7)
  An iguana (D:4)
  5 orc wizards
  A worker ant (D:5)
  2 hound skeletons
  12 mummies (Ossuary)
  8 gnolls
  7 adders
  An adder zombie (D:5)
  2 worms
  2 dart slugs (D:2)
  6 giant geckos
  24 orcs
  5 ball pythons
  3 giant cockroaches
  8 goblins
  7 hobgoblins
  10 jackals
  7 kobolds
  4 quokkas
  7 bats
  A giant cockroach zombie (D:6)
  3 giant newts
  4 gnoll skeletons (Ossuary)
  3 goblin skeletons (Ossuary)
  2 jackal skeletons
  An orc skeleton (Ossuary)
  2 quokka zombies (D:6)
  6 rats
  11 rat skeletons (Ossuary)
  A rat zombie (D:6)
171 creatures vanquished.

Vanquished Creatures (others)
  An orc wizard (D:4)
1 creature vanquished.

Grand Total: 172 creatures vanquished

Notes
Turn   | Place    | Note
-------+----------+-------------------------------------------
     0 | D:1      | Deemzul the Demonspawn Fighter began the quest for the Orb.
     0 | D:1      | Reached XP level 1. HP: 18/18 MP: 1/1
    31 | D:1      | Reached skill level 2 in Axes
    90 | D:1      | Gained mutation: You have sharp fingernails. [demonic ancestry]
    90 | D:1      | Reached XP level 2. HP: 22/24 MP: 2/2
   647 | D:2      | Gained mutation: When hurt, damage is shared between your health and your magic reserves. [demonic ancestry]
   647 | D:2      | Reached XP level 3. HP: 29/29 MP: 3/3
   707 | D:3      | Reached skill level 3 in Axes
   973 | D:3      | Gained mutation: You have very sharp fingernails. [demonic ancestry]
   973 | D:3      | Reached XP level 4. HP: 20/35 MP: 4/4
  1393 | D:3      | Gained mutation: You are slightly more attuned to the shadows. [demonic ancestry]
  1393 | D:3      | Reached XP level 5. HP: 42/42 MP: 5/5
  2529 | D:2      | Found an iron altar of Okawaru.
  2716 | D:2      | Reached skill level 4 in Axes
  2828 | D:4      | HP: 3/63 [iguana (7)]
  3035 | D:4      | Noticed an ogre
  3042 | D:4      | Killed an ogre
  3042 | D:4      | Reached XP level 6. HP: 33/48 MP: 3/6
  3177 | D:4      | Noticed ontamu's ghost (amateur DEIE)
  3877 | D:4      | Found a deep blue altar of Sif Muna.
  4013 | D:4      | Reached skill level 5 in Axes
  4307 | D:4      | HP: 2/49 [ontamu's ghost/shard of ice (13)]
  4609 | D:4      | Gained mutation: You are agile. (Dex +2) [potion of mutation]
  4609 | D:4      | Gained mutation: Your flesh is cold resistant. (rC+) [potion of mutation]
  4609 | D:4      | Lost mutation: Your flesh is cold resistant. (rC+) [potion of mutation]
  4631 | D:4      | Gained mutation: You are significantly more attuned to the shadows. [demonic ancestry]
  4631 | D:4      | Reached XP level 7. HP: 29/55 MP: 5/7
  4874 | D:5      | Entered Level 5 of the Dungeon
  5248 | D:5      | Reached skill level 5 in Fighting
  5268 | D:5      | Reached skill level 6 in Axes
  5381 | D:5      | Reached skill level 5 in Armour
  5592 | D:5      | Gained mutation: You have claws for hands. [demonic ancestry]
  5592 | D:5      | Reached XP level 8. HP: 62/62 MP: 8/8
  5742 | D:5      | Found a staircase to the Ecumenical Temple.
  5760 | Temple   | Entered the Ecumenical Temple
  6245 | D:6      | Found a glowing golden altar of the Shining One.
  6257 | D:6      | Found a sacrificial altar of Ru.
  6443 | D:6      | Found a sand-covered staircase.
  6477 | Ossuary  | Entered an ossuary
  6577 | Ossuary  | Reached skill level 7 in Axes
  6650 | Ossuary  | Gained mutation: You possess an exceptional clarity of mind. [potion of mutation]
  6650 | Ossuary  | Lost mutation: You are agile. (Dex +2) [potion of mutation]
  6650 | Ossuary  | Gained mutation: Your mind is acute. (Int +2) [potion of mutation]
  6828 | D:6      | Found Cocsarhe's Magic Scroll Emporium.
  6831 | D:6      | Bought a scroll of teleportation for 45 gold pieces
  6831 | D:6      | Bought a scroll of remove curse for 45 gold pieces
  6831 | D:6      | Bought a scroll of identify for 30 gold pieces
  7009 | D:7      | HP: 3/64 [orc priest/divine providence (13)]
  7009 | D:7      | Mangled by an orc warrior

Vault maps used:
D:1:      dpeg_arrival_pond, solitary_fountain, hangedman_decor_points
D:2:      okawaru_gym_becter, minmay_misc_feat_five
D:4:      led_sif_book
D:5:      first_bread
D:6:      gammafunk_temple_overflow_forgotten, serial_shops,
          nicolae_shop_behind_doors, enter_ossuary_4, kennysheep_generic_room_16
D:7:      regret_index_temple_of_mockery, elyvilon_altar_5,
          lightli_church_of_beogh
Temple:   minmay_temple_forest_path
Ossuary:  ossuary_due_small_catacomb

Skill      XL: |  1  2  3  4  5  6  7  8 |
---------------+-------------------------+-----
Axes           | 2 3 4 5 6 7 |  7.3
Armour         | 3 4 5 |  5.4
Fighting       | 4 5 6 |  6.2
Shields        | |  2.6

Action                   |  1- 3 |  4- 6 |  7- 9 || total
-------------------------+-------+-------+-------++-------
Melee: War axe           |    91 |   266 |   251 ||   608
  Use: Potion            |     1 |     9 |     4 ||    14
 Stab: Sleeping          |       |       |     8 ||     8
       Distracted        |       |       |     1 ||     1
  Eat: Chunk             |       |    14 |     6 ||    20
       Meat ration       |       |       |     1 ||     1
Armor: Scale mail        |    34 |   107 |   103 ||   244
       Skin              |    22 |       |       ||    22
Dodge: Dodged            |    17 |    69 |    58 ||   144
Block: Shield            |    52 |   148 |   100 ||   300
